 Dungeon Sprint DCSS version 0.27-a0-1090-gb115f176c6 (webtiles) character file.

Game seed: 14323476211275416297

7595 mhtbhm the Scorcher (level 10, -3/53 HPs)
             Began as a Deep Elf Fire Elementalist on Apr 27, 2021.
             Was the Champion of Vehumet.
             Slain by a +1 mace of protection (14 damage)
             ... in the Dungeon (Sprint V: "Ziggurat Sprint").
             The game lasted 00:04:44 (1006 turns).

mhtbhm the Scorcher (Deep Elf Fire Elementalist)    Turns: 1006, Time: 00:04:46

Health: -3/53      AC:  7    Str:  5    XL:     10   Next: 97%
Magic:  1/31       EV: 18    Int: 36    God:    Vehumet [******]
Gold:   0          SH:  0    Dex: 18    Spells: 18/40 levels left

rFire    + . .     SeeInvis .   C - +8 lance "Wyrmbane" {slay drac, rPois rF+ rC+ AC+3}
rCold    + . .     Faith    .   (no shield)
rNeg     . . .     Spirit   .   a - +0 robe
rPois    +         Reflect  .   (no helmet)
rElec    .         Harm     .   (no cloak)
rCorr    .         Rampage  .   x - +1 pair of gloves {Dex+3}
Will     +....     NoTele   +   (no boots)
Stlth    ++++......             r - amulet of magic regeneration
HPRegen  0.17/turn              u - +6 ring of intelligence
MPRegen  0.47/turn              v - +6 ring of intelligence

@: studying Necromancy
A: no striking features
a: Renounce Religion


You were in the Dungeon.
You worshipped Vehumet.
Vehumet was exalted by your worship.
You visited 1 branch

Inventory:

Hand Weapons
 C - the +8 lance "Wyrmbane" (weapon) {slay drac, rPois rF+ rC+ AC+3}
   (You found it in the Dungeon)

   It affects your AC (+3).
   It protects you from fire.
   It protects you from cold.
   It protects you from poison.
Armour
 a - a +0 robe (worn)
 x - a +1 pair of gloves of dexterity (worn)
Jewellery
 r - an amulet of magic regeneration (around neck)
 u - a +6 ring of intelligence (left hand)
 v - a +6 ring of intelligence (right hand)
 D - a ring of positive energy
 E - an amulet of regeneration
 F - the ring "Heedi" {+Blink rPois rF- rN+ Int+3}
   (You found it in the Dungeon)

   [ring of positive energy]

   It affects your intelligence (+3).
   It makes you vulnerable to fire.
   It protects you from poison.
   It protects you from negative energy.
   It lets you blink.
 G - a +4 ring of slaying
Wands
 y - a wand of mindburst (7)
 z - a wand of iceblast (4)
 A - a wand of acid (4)
Scrolls
 h - 2 scrolls of blinking
 m - 4 scrolls of amnesia
 n - 7 scrolls of fog
 o - a scroll of holy word
 p - 5 scrolls of identify
 q - a scroll of fear
Potions
 b - 2 potions of brilliance
 c - 10 potions of curing
 d - 8 potions of heal wounds
 e - 6 potions of haste
 f - 7 potions of magic
 g - 3 potions of berserk rage
 i - 2 potions of invisibility
 j - 4 potions of resistance
 k - a potion of experience
 l - 5 potions of might
Miscellaneous
 s - a tin of tremorstones (2/2)
 t - a phantom mirror
 w - a condenser vane
 B - a lightning rod (4/4)


   Skills:
 + Level 1.8 Fighting
 + Level 9.4 Dodging
 + Level 8.1 Stealth
 + Level 15.7 Spellcasting
 + Level 11.3 Conjurations
 + Level 16.5 Fire Magic
 * Level 8.2 Earth Magic
 + Level 8.5 Evocations


You had 18 spell levels left.
You knew the following spells:

 Your Spells              Type           Power      Damage    Failure   Level
a - Foxfire               Conj/Fire      100%       2x1d9     0%          1
b - Conjure Flame         Conj/Fire      91%        6-21      0%          3
c - Inner Flame           Hex/Fire       73%        N/A       1%          3
d - Sticky Flame          Conj/Fire      91%        2d10      1%          4
e - Fireball              Conj/Fire      45%        3d18      1%          5
f - Iron Shot             Conj/Erth      39%        9d8       1%          6

Your spell library contained the following spells:

 Spells                   Type           Power      Damage    Failure   Level
 Iskenderun's Mystic Bla  Conj/Tloc      62%        2d13      1%          4
 Corpse Rot               Necr/Air       N/A        N/A       1%          2
 Sublimation of Blood     Necr           14%        N/A       1%          2
 Ignite Poison            Fire/Tmut/Pois 61%        N/A       1%          3
 Stone Arrow              Conj/Erth      100%       3d13      1%          3
 Bolt of Magma            Conj/Fire/Erth 43%        4d18      1%          5
 Irradiate                Conj/Tmut      31%        3d23      1%          5
 Iskenderun's Battlesphe  Conj           83%        2d13      1%          5
 Petrify                  Tmut/Erth      55%        N/A       2%          4
 Orb of Destruction       Conj           41%        9d14      3%          7
 Conjure Ball Lightning   Conj/Air       31%        3x3d10    5%          6
 Summon Lightning Spire   Summ/Air       28%        N/A       13%         4
 Spellforged Servitor     Conj/Summ      31%        N/A       26%         7
 Alistair's Intoxication  Tmut/Pois      18%        N/A       34%         5
 Hydra Form               Tmut           14%        N/A       34%         5
 Silence                  Hex/Air        14%        N/A       34%         5
 Summon Forest            Summ/Tloc      14%        N/A       34%         5
 Eringya's Noxious Bog    Tmut/Pois      14%        N/A       43%         6
 Summon Hydra             Summ           14%        N/A       100%        7
 Tornado                  Air            14%        N/A       100%        9


Dungeon Overview and Level Annotations

Branches:
Dungeon (1/1)

Altars:
Ashenzari
Cheibriados
Dithmenos
Elyvilon
Fedhas
Gozag
Hepliaklqana
Kikubaaqudgha
Makhleb
Nemelex Xobeh
Okawaru
Qazlal
Ru
Sif Muna
Trog
Uskayaw
Vehumet
Wu Jian
Xom
Yredelemnul
Zin
The Shining One
Beogh
Jiyva
Lugonu

Annotations:
D 1 transporter


Message History

The +1 mace of protection is engulfed in blazing flames.
The +2 mace of venom is engulfed in blazing flames.
Unknown command.
Casting: Iron Shot (dangerous; 1% risk of failure)
Confirm with . or Enter, or press ? or * to list all spells.
You don't know that spell.
Casting: Iron Shot (dangerous; 1% risk of failure)
Confirm with . or Enter, or press ? or * to list all spells.
Aiming: Iron Shot (dangerous; 1% risk of failure)
Press: ? - help, Shift-Dir - straight line, f - +2 mace of venom
Aim: a +2 mace of venom (moderately damaged, 51% to hit)
The iron shot hits the +2 mace of venom!!!
The +2 mace of venom falls from the air.
Vehumet accepts your kill.
The +1 mace of protection is engulfed in blazing flames.
Your condenser vane has recharged.
Your Earth Magic skill increases to level 8!
Casting: Iron Shot (dangerous; 1% risk of failure)
Confirm with . or Enter, or press ? or * to list all spells.
Aiming: Iron Shot (dangerous; 1% risk of failure)
Press: ? - help, Shift-Dir - straight line, f - +1 mace of protection
Aim: a +1 mace of protection (51% to hit)
Okay, then.
Press: ? - help, v - describe, . - travel, g - get item
Here: a +1 mace of protection
Items here: a +0 rapier; a +0 ring mail; an elf corpse.
The floor.
Unknown command.
You feel much better.
Unknown command.
Casting: Iron Shot (dangerous; 1% risk of failure)
Confirm with . or Enter, or press ? or * to list all spells.
Aiming: Iron Shot (dangerous; 1% risk of failure)
Press: ? - help, Shift-Dir - straight line, f - +1 mace of protection
Aim: a +1 mace of protection (51% to hit)
The iron shot misses the +1 mace of protection.
The +1 mace of protection hits you!
* * * LOW HITPOINT WARNING * * *
The +1 mace of protection hits you!
You die...

▓...8©8.. ▓..8©8..▓
▓..?"):)..▓..}))..▓
▓.§§§[))..▓..)))..▓
▓.§§§))...▓...)...▓
▓.§§§.....▓.......▓
▓.§§§)....▓.......▓
▓.....)...▓.......▓
▓.▓....(▓.▓.▓...▓.▓
▓....©..@.▓...©...▓
▓▓▓▓▓▓▓▓▓▓▓▓▓▓▓▓▓▓▓


You could see a +1 mace of protection.

Vanquished Creatures
  2 dancing weapons (D)
  A deep elf knight (D)
  A deep elf zephyrmancer (D)
  3 deep elf pyromancers (D)
  A shining eye (D)
  2 ugly things (D)
  A black mamba (D)
  An eye of devastation (D)
  A rime drake (shapeshifter) (D)
  4 merfolk (D)
  A golden eye (D)
  3 nagas (D)
  A water moccasin (shapeshifter) (D)
  A water moccasin (D)
  An orc warrior (D)
  A necrophage (D)
  2 phantoms (D)
  A crimson imp (D)
  2 jellies (D)
  2 orc priests (D)
  An iron imp (D)
  An orc wizard (D)
  3 adders (D)
  2 orcs (D)
  A ball python (D)
  2 bat skeletons (D)
  An endoplasm (D)
  A jackal zombie (D)
44 creatures vanquished.

Vanquished Creatures (others)
  7 foxfires (D)
7 creatures vanquished.

Grand Total: 51 creatures vanquished

Notes
Turn   | Place    | Note
-------+----------+-------------------------------------------
     0 | D        | mhtbhm the Deep Elf Fire Elementalist began the quest for
                  | the Orb.
     0 | D        | Reached XP level 1. HP: 10/10 MP: 6/6
     0 | D        | Found a shimmering blue altar of Sif Muna.
     0 | D        | Found a bloodstained altar of Trog.
     0 | D        | Found a sacrificial altar of Ru.
     0 | D        | Found a stormy altar of Qazlal.
     0 | D        | Found an iron altar of Okawaru.
     1 | D        | Found a sparkling altar of Nemelex Xobeh.
     1 | D        | Found a blossoming altar of Fedhas.
     2 | D        | Found the +6 Majin-Bo {vamp, MP+6 Int+6}
     2 | D        | Found the +9 heavy crossbow "Sniper" {vorpal, Acc+∞ SInv}
     2 | D        | Found the +10 dark maul {vorpal}
     2 | D        | Found the +15 Maxwell's patent armour {-Cast -Tele rElec
                  | Will+ rCorr}
     2 | D        | Found the +18 shield of the Gong {rElec rN+ Will+ EV-5}
     2 | D        | Found the +14 obsidian axe {vorpal, Drain Fly SInv}
     2 | D        | Found the +7 great mace "Firestarter" {inner flame, rF++}
     2 | D        | Found the +6 shillelagh "Devastator" {shatter}
     2 | D        | Found the +11 plutonium sword {Contam Stlth-}
     2 | D        | Found the +8 lance "Wyrmbane" {slay drac, rPois rF+ rC+
                  | AC+3}
     2 | D        | Found the +9 sword of Zonguldrok {reap}
     2 | D        | Found the +13 scythe of Curses {drain, Drain}
     2 | D        | Found the +5 sword of Power {vorpal}
     2 | D        | Found the +7 mace of Variability {chain chaos}
     2 | D        | Found the +7 Singing Sword {vorpal, sonic wave}
     2 | D        | Found the +8 storm bow {elec, penet}
     4 | D        | Found an ancient bone altar of Kikubaaqudgha.
     4 | D        | Found a transporter.
     4 | D        | Found a corrupted altar of Lugonu.
     4 | D        | Found a viscous altar of Jiyva.
     4 | D        | Found a burning altar of Makhleb.
     4 | D        | Found a hazy altar of Hepliaklqana.
     4 | D        | Found an opulent altar of Gozag.
    39 | D        | Became a worshipper of Vehumet
    61 | D        | Entered arena 2.
    61 | D        | Noticed a naga
    61 | D        | Found a transporter.
    64 | D        | Reached skill level 4 in Fire Magic
    64 | D        | Reached XP level 2. HP: 15/15 MP: 6/8
    64 | D        | Killed a naga
    65 | D        | Reached skill level 8 in Fire Magic
    65 | D        | Reached skill level 1 in Evocations
    65 | D        | Reached XP level 3. HP: 19/19 MP: 6/12
    65 | D        | Reached XP level 4. HP: 24/24 MP: 7/14
    69 | D        | Learned a level 3 spell: Conjure Flame
    73 | D        | Learned a level 3 spell: Inner Flame
    78 | D        | Learned a level 4 spell: Sticky Flame
   220 | D        | Entered arena 3.
   220 | D        | Found a transporter.
   221 | D        | Reached * piety under Vehumet
   221 | D        | Offered knowledge of Magic Dart by Vehumet.
   222 | D        | Reached skill level 5 in Dodging
   222 | D        | Reached skill level 9 in Fire Magic
   222 | D        | Reached XP level 5. HP: 28/28 MP: 16/16
   358 | D        | Learned a level 5 spell: Fireball
   360 | D        | Entered arena 4.
   360 | D        | Noticed a merfolk
   360 | D        | Noticed a merfolk
   360 | D        | Noticed a merfolk
   360 | D        | Noticed a merfolk
   360 | D        | Identified the +5 hunting sling "Ilyosuef" {vorpal, rN+}
   360 | D        | Found a transporter.
   362 | D        | HP: 1/28 [merfolk/+0 trident (5)]
   366 | D        | Killed a merfolk
   366 | D        | Offered knowledge of Poisonous Vapours by Vehumet.
   366 | D        | Reached ** piety under Vehumet
   367 | D        | Reached skill level 5 in Stealth
   367 | D        | Reached skill level 11 in Fire Magic
   367 | D        | Reached XP level 6. HP: 23/32 MP: 11/20
   369 | D        | Killed a merfolk
   370 | D        | Reached skill level 12 in Fire Magic
   370 | D        | Reached XP level 7. HP: 26/36 MP: 13/22
   371 | D        | Killed a merfolk
   372 | D        | Reached skill level 10 in Spellcasting
   375 | D        | Killed a merfolk
   375 | D        | Reached *** piety under Vehumet
   376 | D        | Reached skill level 13 in Fire Magic
   376 | D        | Reached XP level 8. HP: 17/41 MP: 6/25
   566 | D        | Entered arena 5.
   566 | D        | Noticed a cyan ugly thing
   566 | D        | Noticed a green ugly thing
   566 | D        | Found a transporter.
   567 | D        | Offered knowledge of Static Discharge by Vehumet.
   568 | D        | Reached skill level 5 in Conjurations
   568 | D        | Killed a cyan ugly thing
   568 | D        | Noticed a rime drake
   568 | D        | a wyvern changed into a rime drake
   569 | D        | Reached skill level 5 in Evocations
   571 | D        | Killed a green ugly thing
   571 | D        | Killed a rime drake
   571 | D        | Reached **** piety under Vehumet
   572 | D        | Reached skill level 14 in Fire Magic
   572 | D        | Reached XP level 9. HP: 46/46 MP: 23/27
   691 | D        | Entered arena 6.
   691 | D        | Found a transporter.
   694 | D        | Reached ***** piety under Vehumet
   710 | D        | Learned a level 6 spell: Iron Shot
   724 | D        | Entered arena 7.
   724 | D        | Noticed an eye of devastation
   724 | D        | Noticed a shining eye
   725 | D        | Offered knowledge of Airstrike by Vehumet.
   726 | D        | Reached skill level 1 in Earth Magic
   726 | D        | Killed a shining eye
   727 | D        | Reached skill level 15 in Fire Magic
   727 | D        | Killed an eye of devastation
   728 | D        | Reached skill level 1 in Fighting
   728 | D        | Found a transporter.
   736 | D        | Got the ring "Wahopuid" {rElec AC+4}
   846 | D        | Entered arena 8.
   847 | D        | Reached ****** piety under Vehumet
   850 | D        | Found a transporter.
   956 | D        | Entered arena 9.
   956 | D        | Noticed a black mamba
   957 | D        | Offered knowledge of Iskenderun's Mystic Blast by Vehumet.
   958 | D        | Killed a black mamba
   959 | D        | Reached XP level 10. HP: 52/52 MP: 23/30
   960 | D        | Reached skill level 5 in Earth Magic
   961 | D        | Found a transporter.
   969 | D        | Got the ring "Heedi" {+Blink rPois rF- rN+ Int+3}
   993 | D        | Entered arena 10.
   993 | D        | Noticed a deep elf pyromancer
   993 | D        | Noticed a +6 battleaxe of venom
   993 | D        | Noticed a +1 mace of protection
   993 | D        | Noticed a deep elf zephyrmancer
   993 | D        | Noticed a deep elf knight
   993 | D        | Noticed a +2 mace of venom
   993 | D        | Noticed a deep elf pyromancer
   993 | D        | Noticed a deep elf pyromancer
   995 | D        | Killed a deep elf pyromancer
   995 | D        | Killed a deep elf zephyrmancer
   996 | D        | Killed a deep elf pyromancer
   997 | D        | Reached skill level 10 in Conjurations
   997 | D        | Found a transporter.
   998 | D        | Killed a deep elf knight
   998 | D        | Killed a deep elf pyromancer
   999 | D        | Reached skill level 15 in Spellcasting
   999 | D        | Reached skill level 16 in Fire Magic
   999 | D        | Killed a +6 battleaxe of venom
  1004 | D        | Killed a +2 mace of venom
  1006 | D        | Slain by a +1 mace of protection

Illustrated notes

Levels and vault maps discovered:
D:        sprint_v [room_start, room_1, room_2, room_3, room_4, room_5, room_6,
          room_7, room_8, room_9, room_10, room_11, room_12, room_13, room_14,
          room_15, room_16, room_17, room_18, room_19, room_20, room_21,
          room_22, room_23, room_24, room_25, room_26, room_27]

Skill      XL: |  1  2  3  4  5  6  7  8  9 10 |
---------------+-------------------------------+-----
Fire Magic     | 4 8 9 11 12 13 14 15 16 | 16.5
Dodging        | 4 5 6 7 8 9 |  9.4
Stealth        | 4 5 6 7 8 |  8.1
Spellcasting   | 6 9 11 12 14 15 | 15.7
Evocations     | 1 2 3 4 6 7 8 |  8.5
Conjurations   | 3 4 7 8 11 | 11.3
Earth Magic    | 4 8 |  8.2
Fighting       | 1 |  1.8

Action                   |  1- 3 |  4- 6 |  7- 9 | 10-12 || total
-------------------------+-------+-------+-------+-------++-------
 Cast: Foxfire           |       |     4 |       |       ||     4
       Fireball          |       |     2 |    17 |     6 ||    25
       Iron Shot         |       |       |       |     5 ||     5
Evoke: Wand              |     3 |     1 |     2 |       ||     6
       Lightning rod     |       |     4 |     3 |       ||     7
       Tin of tremorston |       |     1 |       |       ||     1
       Condenser vane    |       |       |       |     1 ||     1
  Use: Scroll            |       |     1 |       |     2 ||     3
       Potion            |       |     1 |       |     1 ||     2
Armor: Robe              |       |       |     1 |       ||     1
Dodge: Dodged            |     1 |     2 |     1 |     1 ||     5

Table legend: (Time is in decaauts)
 A = Elapsed time spent in this place.
 B = Non-inter-level travel time spent in this place.
 C = Inter-level travel time spent in this place.
 D = Time resting spent in this place.
 E = Time spent auto-exploring this place.
 F = Levels seen in this place.
 G = Mean time per level.
                   A        B        C        D        E       F      G
               +--------+--------+--------+--------+--------+-----+--------+
         Total |   1004 |   1004 |      0 |    702 |      0 |   1 | 1004.0 |
       Dungeon |   1004 |   1004 |      0 |    702 |      0 |   1 | 1004.0 |
               +--------+--------+--------+--------+--------+-----+--------+

Top non-repeatable levels by time:
       D: 1004 daAuts
